 Dungeon Crawl Stone Soup version 0.17-a0-1046-ga09e34d (webtiles) character file.

2366 namelastname112 the Basher (level 9, 0/117 HPs)
             Began as a White Draconian Berserker on May 15, 2015.
             Was an Elder of Trog.
             Slain by a killer bee (3 damage)
             ... on level 7 of the Dungeon.
             The game lasted 00:11:59 (6374 turns).

namelastname112 the Basher (DrBe)                   Turns: 6374, Time: 00:11:59

Health: 0/117      AC: 24    Str: 17 (19) XL:     9   Next: 21%
Magic:  9/9        EV:  2    Int:  8      God:    Trog [****..]
Gold:   223        SH:  0    Dex: 19      Spells: 0 memorised, 8 levels left

rFire  . . .     SeeInvis .     C - +0 morningstar
rCold  . . .     Clarity  .     (armour unavailable)
rNeg   + + +     SustAb   .     (no shield)
rPois  +         Gourm    .     (helmet currently unavailable)
rElec  .         Spirit   .     (cloak currently unavailable)
rCorr  .         Warding  .     (gloves currently unavailable)
rMut   .         NoTele   +     (boots currently unavailable)
MR     .....                    x - amulet of inaccuracy (curse)
Stlth  +++++.....               o - ring of stealth
                                h - ring of stealth

@: agile, lethally poisoned (0 -> -1), exhausted, short of breath, tree-form,
very slightly contaminated, starving, slowed, invisible, very slow, not
resistant to hostile enchantments, quite stealthy
A: (breathe frost), unfitting armour, (cold resistance 0), (cold-blooded), AC +7
a: Burn Spellbooks, Berserk, Trog's Hand, Brothers in Arms, Renounce Religion


You were on level 7 of the Dungeon.
You worshipped Trog.
Trog was greatly pleased with you.
You were starving.
You were a tree.
You visited 1 branch of the dungeon, and saw 7 of its levels.

You collected 259 gold pieces.
You spent 36 gold pieces at shops.

Inventory:

Hand weapons
 p - a +1 whip of freezing
 C - a +0 morningstar (weapon)
Missiles
 k - 42 poisoned needles
 n - 8 needles of confusion
Armour
 w - a +0 cloak (melded)
Jewellery
 h - a ring of stealth (left branch)
 o - a ring of stealth (right branch)
 x - a cursed amulet of inaccuracy (around neck)
Magical devices
 s - a wand of fireball (15)
Scrolls
 c - 3 scrolls of remove curse {unknown}
 e - a scroll of identify
 f - 2 scrolls of amnesia
 i - 3 scrolls of fog
 l - 3 scrolls of teleportation
 y - a scroll of magic mapping
Potions
 d - a potion of flight
 m - 2 potions of haste
 r - 2 potions of degeneration
Books
 t - an Akashic Record {highlevel, unknown}

   This book is beyond your current level of understanding.

   Spells                             Type                      Level
   a - Dispersal                      Translocation                6
   b - Controlled Blink               Translocation                7
   c - Malign Gateway                 Summoning/Translocation      7
   d - Disjunction                    Translocation                8
   e - Singularity                    Translocation                9
   Trog disapproves of the use of such an item.
Comestibles
 b - 6 bread rations
 g - 2 slices of pizza
 q - 3 fruits
 A - a meat ration


   Skills:
 + Level 6.9 Fighting
 * Level 8.6 Maces & Flails
 + Level 4.5 Throwing
 + Level 5.7 Dodging


You had 8 spell levels left.
You didn't know any spells.

Dungeon Overview and Level Annotations

Branches:
Dungeon (7/15)             Temple (0/1) D:7

Altars:
Ashenzari
Cheibriados
Dithmenos
Gozag
Okawaru
Trog
Yredelemnul

Shops:
D:4 *   D:6 !


Innate Abilities, Weirdness & Mutations

((You can breathe waves of freezing cold.))
((You can buffet flying creatures when you breathe cold.))
((Your icy white scales are hard (AC +7).))
Your body does not fit into most forms of armour.
((Your flesh is cold resistant.))
((You are cold-blooded and may be slowed by cold attacks.))


Message History

The killer bee stings you but does no damage.
The killer bee barely misses you. x2
You closely miss the killer bee.
You feel the effects of Trog's Hand fading.
You feel sick.
The killer bee stings you but does no damage. x3
You completely miss the killer bee.
You feel sick.
The killer bee stings you but does no damage.
Unknown command.
You miss the killer bee.
The killer bee is heavily wounded.
You feel sick. The killer bee stings you.
* * * LOW HITPOINT WARNING * * *
The killer bee stings you but does no damage. x2
You completely miss the killer bee.
The killer bee is heavily wounded.
Your skin stops crawling.
You feel less resistant to hostile enchantments.
You feel sick. The killer bee stings you.
You die...

#.#.......†. .......
#.####)..... .......
######.# #......# .......
#......# #......# .......
#......# #......# .....
#......###....... ####...
#........#.......
y......##......#.#.......
..y...yy♣......#.#######.
.......##......#.#######.
...y...##.>.##.#.........
########....##.########..
#....##.#...# #...
#...###.#.#.# #...
+...'...#<#.###...
#...##..#.#.#.....
........##..#.#.#.....


You could see 4 killer bees.

Vanquished Creatures
  Pikel (D:6)
  A centaur skeleton (D:7)
  A troll (D:5)
  A slave (D:6)
  2 ice beasts
  A necrophage (D:6)
  An orc warrior (D:6)
  Blork the orc (D:5)
  A giant frog (D:6)
  3 scorpions
  A wyvern zombie (D:6)
  2 killer bees (D:7)
  A crimson imp (D:5)
  A hound (D:6)
  A quasit (D:7)
  Crazy Yiuf (D:4)
  An orc priest (D:7)
  2 orc wizards (D:7)
  An iguana (D:5)
  3 worker ants
  6 gnolls
  2 worker ant zombies
  11 adders
  A shadow imp (D:6)
  3 adder skeletons
  A worm (D:2)
  8 orcs
  A ball python (D:3)
  A bat zombie (D:5)
  6 giant cockroaches
  10 hobgoblins
  11 jackals
  4 quokkas
  8 bats
  2 giant geckos
  A giant gecko skeleton (D:6)
  A giant gecko zombie (D:6)
  6 giant newts
  14 goblins
  2 jackal skeletons
  20 kobolds
  15 rats
161 creatures vanquished.

Vanquished Creatures (others)
  A giant newt (D:6)
1 creature vanquished.

Grand Total: 162 creatures vanquished

Notes
Turn   | Place    | Note
--------------------------------------------------------------
     0 | D:1      | namelastname112 the Draconian Berserker began the quest for the Orb.
     0 | D:1      | Reached XP level 1. HP: 19/19 MP: 1/1
   147 | D:1      | Reached XP level 2. HP: 15/26 MP: 2/2
   568 | D:1      | Acquired Trog's second power
   951 | D:2      | Reached XP level 3. HP: 31/31 MP: 3/3
   986 | D:2      | Found a snail-covered altar of Cheibriados.
  1179 | D:2      | Found a shadowy altar of Dithmenos.
  1380 | D:3      | Reached skill level 4 in Maces & Flails
  1424 | D:3      | Reached XP level 4. HP: 8/40 MP: 4/4
  1427 | D:3      | Reached skill level 1 in Throwing
  2267 | D:4      | Found Misotas's General Store.
  2286 | D:4      | Bought a scroll of teleportation for 36 gold pieces
  2330 | D:4      | Reached XP level 5. HP: 25/47 MP: 5/5
  2860 | D:4      | Found an iron altar of Okawaru.
  3172 | D:4      | Noticed Crazy Yiuf
  3177 | D:4      | Killed Crazy Yiuf
  3265 | D:4      | Reached XP level 6. HP: 38/53 MP: 6/6
  3271 | D:4      | Reached skill level 5 in Maces & Flails
  3303 | D:5      | Entered Level 5 of the Dungeon
  3303 | D:5      | Noticed Blork the orc
  3321 | D:5      | Killed Blork the orc
  3724 | D:5      | Found a basalt altar of Yredelemnul.
  3831 | D:5      | Noticed a troll
  3845 | D:5      | Killed a troll
  3845 | D:5      | Reached skill level 5 in Fighting
  3845 | D:5      | Your scales start taking on a icy white colour.
  3845 | D:5      | Gained mutation: Your flesh is cold resistant. [White Draconian growth]
  3845 | D:5      | Reached XP level 7. HP: 18/61 MP: 7/7
  4205 | D:5      | Reached skill level 6 in Maces & Flails
  4524 | D:5      | Found a bloodstained altar of Trog.
  4525 | D:5      | Found an opulent altar of Gozag.
  4962 | D:6      | Acquired Trog's third power
  5172 | D:6      | Reached XP level 8. HP: 63/70 MP: 8/8
  5257 | D:6      | Reached skill level 7 in Maces & Flails
  5335 | D:6      | Noticed Pikel
  5351 | D:6      | Killed Pikel
  5351 | D:6      | Reached skill level 5 in Dodging
  5545 | D:6      | Found Joti's Distillery.
  5558 | D:6      | Reached skill level 8 in Maces & Flails
  5833 | D:7      | Found a shattered altar of Ashenzari.
  5981 | D:7      | Reached XP level 9. HP: 77/77 MP: 9/9
  6141 | D:7      | Noticed a centaur skeleton
  6160 | D:7      | Killed a centaur skeleton
  6308 | D:7      | Found a staircase to the Ecumenical Temple.
  6369 | D:7      | HP: 5/117 [killer bee (2)]
  6374 | D:7      | HP: 3/117 [poisoned by a killer bee]
  6374 | D:7      | Slain by a killer bee

Vault maps used:
D:1:      dpeg_arrival_solitude, minmay_misc_feat_roman
D:2:      grunt_dithmenos_smoke, nicolae_overflow_crystal_walls
D:4:      okawaru_metal_pillars_1_2, serial_shops, shop_fountains, first_bread,
          uniq_crazy_yiuf_cottage
D:5:      lemuel_round_altar, gammafunk_temple_overflow_statue,
          uniq_blork_the_orc
D:6:      serial_shops, shop, uniq_pikel
D:7:      ashenzari_conservatory_becter, minmay_temple_entry_butterflies,
          the_bakery, st_stairs_4, uniq_menkaure

Action                   |  1- 3 |  4- 6 |  7- 9 || total
-------------------------+-------+-------+-------++-------
Melee: Mace              |   149 |   225 |   120 ||   494
       Whip              |       |       |   162 ||   162
       Morningstar       |       |       |    55 ||    55
Invok: Berserk           |     1 |     4 |     5 ||    10
       Trog's Hand       |     1 |     1 |     1 ||     3
 Abil: Breathe Frost     |       |       |     2 ||     2
  Use: Potion            |     1 |       |     6 ||     7
       Scroll            |       |     8 |       ||     8
 Stab: Sleeping          |     2 |     4 |     9 ||    15
  Eat: Chunk             |     3 |     6 |    10 ||    19
       Fruit             |       |     2 |       ||     2
       Meat ration       |       |     1 |       ||     1
       Beef jerky        |       |       |     1 ||     1
